 Dungeon Crawl Stone Soup version 0.27-a0-1184-ge86db4a01e (webtiles) character file.

Game seed: 1267844295593202477

3502 robertstho the Thaumaturge (level 10, -4/64 HPs)
             Began as a Djinni Fire Elementalist on May 18, 2021.
             Was a Follower of Makhleb.
             Splashed by an acid dragon's acid (10 damage)
             ... on level 8 of the Dungeon.
             The game lasted 00:17:11 (8410 turns).

robertstho the Thaumaturge (DjFE)                   Turns: 8410, Time: 00:17:11

Health: -4/64      AC:  0    Str:  7    XL:     10   Next: 28%
Gold:   83         EV: 14    Int: 24    God:    Makhleb [*.....] SH:  0 Dex: 17

rFire    + + +     SeeInvis .   y - +2 dagger (protect)
rCold    x . .     Faith    .   (no shield)
rNeg     . . .     Spirit   .   b - +1 robe of Okawaru's Anger {rF+ Regen+ Dex+4}
rPois    ∞         Reflect  .   E - +0 helmet {Int+3}
rElec    .         Harm     .   (no cloak)
rCorr    .         Rampage  .   (no gloves)
Will     +....                  (boots unavailable)
Stlth    +++.......             (no amulet)
HPRegen  1.20/turn              k - ring of protection from fire
MPRegen  0.00/turn              (no ring)

@: corroded, flying, hasted, very quick
A: sickness immunity, fire resistance 2, cold vulnerability 1, float, innate
caster, hp casting, extra vitality 1
a: Renounce Religion


You were on level 8 of the Dungeon.
You worshipped Makhleb.
Makhleb was aware of your devotion.
You visited 1 branch of the dungeon, and saw 8 of its levels.
You also visited: Sewer.

You collected 392 gold pieces.
You spent 309 gold pieces at shops.

Inventory:

Hand Weapons
 e - a +0 short sword
 o - a +2 dagger of speed
 y - a +2 dagger of protection (weapon)
Missiles
 m - 8 atropa-tipped darts
 B - 5 curare-tipped darts
Armour
 b - the +1 robe of Okawaru's Anger (worn) {rF+ Regen+ Dex+4}
   (You bought it in a shop on level 1 of the Dungeon)

   It affects your dexterity (+4).
   It protects you from fire.
   It increases your rate of health regeneration.
 E - a +0 helmet of intelligence (worn)
Jewellery
 k - a ring of protection from fire (left hand)
Scrolls
 c - a scroll of enchant armour {unknown}
 d - a scroll of summoning {unknown}
 h - a scroll of torment
 l - 4 scrolls of magic mapping {unknown}
 n - 2 scrolls of enchant weapon
 p - a scroll of amnesia {unknown}
 q - 6 scrolls of teleportation {unknown}
 r - 5 scrolls of noise {unknown}
 v - a scroll of fog {unknown}
 w - a scroll of vulnerability {unknown}
Potions
 a - a potion of invisibility {unknown}
 f - a potion of ambrosia {unknown}
 g - 4 potions of flight {unknown}
 i - a potion of haste
 s - a potion of heal wounds {unknown}
 t - a potion of might {unknown}
 x - a potion of berserk rage {unknown}
 z - a potion of attraction {unknown}
 A - a potion of degeneration {unknown}
 C - a potion of cancellation


   Skills:
 + Level 2.1 Fighting
 + Level 0.4 Short Blades
 + Level 4.3 Dodging
 + Level 3.8 Stealth
 + Level 9.4 Spellcasting
 * Level 4.7 Invocations


You had 2 spell levels left.
You knew the following spells:

 Your Spells              Type           Power      Damage    Failure   Level
a - Foxfire               Conj/Fire      100%       2x1d9     1%          1
b - Conjure Flame         Conj/Fire      54%        6-21      1%          3
c - Inner Flame           Hex/Fire       54%        N/A       1%          3
d - Sticky Flame          Conj/Fire      54%        2d7       1%          4
e - Fireball              Conj/Fire      27%        3d12      3%          5
f - Sandblast             Erth           100%       2d20      1%          1
g - Searing Ray           Conj           100%       3d7       1%          2
h - Corpse Rot            Necr/Air       N/A        N/A       1%          2
i - Leda's Liquefaction   Hex/Erth       27%        N/A       1%          4
Your spell library was empty.

Dungeon Overview and Level Annotations

Branches:
Dungeon (8/15)             Temple (0/1) D:7            Lair (0/6) D:8
  Sewer (visited)

Altars:
Dithmenos
Fedhas
Gozag
Hepliaklqana
Makhleb
Qazlal
Ru
Uskayaw
Vehumet
Wu Jian
Yredelemnul

Shops:
D:1 *   D:5 [   D:8 [*

Annotations:
D:1 148 robe


Innate Abilities, Weirdness & Mutations

You are immune to sickness and miasma.
You are immune to poison.
Your flesh is very heat resistant. (rF++)
You are vulnerable to cold. (rC-)
You float through the air rather than walking.
You learn spells naturally, not from books.
Your magical power is your life essence.
You have superior vitality. (+4 HP)


Message History

The acid dragon is lightly wounded.
The acid dragon spits acid at you. The splash of acid hits you!
The acid corrodes you!
You are splashed with acid!
Casting: Foxfire (safe; 1% risk of failure)
Press: ? - help, Q - select action, (/) - cycle Dir - look around, f - activate You conjure some foxfire!
The foxfire hits the acid dragon.
The acid dragon is moderately wounded.
Casting: Foxfire (safe; 1% risk of failure)
Press: ? - help, Q - select action, (/) - cycle Dir - look around, f - activate You conjure some foxfire!
The foxfire hits the acid dragon.
The acid dragon is moderately wounded.
The acid dragon spits acid at you. The splash of acid hits you!
The acid corrodes you!
You are splashed with acid!
You aren't carrying any items that you can evoke.
You feel yourself speed up.
Casting: Foxfire (safe; 1% risk of failure)
Confirm with . or Enter, or press ? or * to list all spells.
Aiming: Sticky Flame (dangerous; 1% risk of failure)
Press: ? - help, Shift-Dir - straight line, f - acid dragon
Aim: an acid dragon (moderately wounded, catching its breath, 100% to hit)
The sticky flame hits the acid dragon.
The acid dragon is heavily wounded.
The acid dragon is covered in liquid flames!
* * * LOW HITPOINT WARNING * * *
The acid dragon bites you!
* * * LOW HITPOINT WARNING * * *
The acid dragon claws you.
* * * LOW HITPOINT WARNING * * *
It was a potion of curing.
You feel better.
The acid dragon burns!
You feel better.
The acid dragon burns!
The acid dragon bites you!
* * * LOW HITPOINT WARNING * * *
The acid dragon barely misses you.
You feel better. The acid dragon spits acid at you.
The splash of acid hits you!
* * * LOW HITPOINT WARNING * * *
You are splashed with acid!
You die...

.._###..####.# #.#
#.......# #.#
#..###### #.#
.###+###.##
.........#
........## .
#.#####.#
....#####.########
#$.D@..........
#.####.########
#.# #.# #.# .[#
###


You could see an acid dragon (burning, catching breath).

Vanquished Creatures
  A gargoyle (D:5)
  A hornet (D:7)
  Sigmund (D:3)
  3 wargs
  2 water moccasins
  An ice beast (D:6)
  A black bear (D:6)
  2 ogres
  2 phantoms (D:4)
  5 kobold brigands
  3 bullfrogs (D:7)
  2 scorpions
  3 howler monkeys
  A jelly (D:6)
  A bullfrog zombie (D:5)
  A gnoll shaman (D:5)
  A centaur zombie (D:8)
  A hound (D:5)
  7 orc priests
  A centaur skeleton (D:7)
  A bullfrog skeleton (D:5)
  6 iguanas
  3 orc wizards
  A scorpion zombie (D:5)
  A hound skeleton (D:4)
  Robin (D:4)
  11 adders
  8 gnolls
  3 river rats
  A white imp (D:5)
  3 ufetubi
  3 worms
  13 orcs
  8 ball pythons
  A bat (D:3)
  8 endoplasms
  3 giant cockroaches
  18 goblins
  7 hobgoblins
  9 jackals
  20 kobolds
  5 quokkas
  2 frilled lizards
  9 rats
  A spectral goblin (D:6)
186 creatures vanquished.

Vanquished Creatures (collateral kills)
  A foxfire (D:3)
1 creature vanquished.

Vanquished Creatures (others)
  926 foxfires
926 creatures vanquished.

Grand Total: 1113 creatures vanquished

Notes
Turn   | Place    | Note
-------+----------+-------------------------------------------
     0 | D:1      | robertstho the Djinni Fire Elementalist began the quest for
                  | the Orb.
     0 | D:1      | Reached XP level 1. HP: 15/15 MP: 0/0
   266 | D:1      | Found a faded altar of an unknown god.
   483 | D:1      | Reached XP level 2. HP: 19/21 MP: 0/0
  1027 | D:1      | Reached skill level 3 in Spellcasting
  1212 | D:1      | Found Foqotionn's Assorted Antiques.
  1230 | D:1      | Reached XP level 3. HP: 16/25 MP: 0/0
  1230 | D:1      | Learned a level 1 spell: Sandblast
  2257 | D:2      | Reached XP level 4. HP: 19/31 MP: 0/0
  3378 | D:3      | Found a stormy altar of Qazlal.
  3380 | D:3      | Noticed a water elemental
  3381 | D:3      | Noticed an earth elemental
  3381 | D:3      | Noticed an air elemental
  3381 | D:3      | Noticed a fire elemental
  3404 | D:3      | Reached XP level 5. HP: 29/35 MP: 0/0
  3404 | D:3      | Learned a level 2 spell: Searing Ray
  3550 | D:3      | Noticed Sigmund
  3558 | D:3      | Killed Sigmund
  3559 | D:3      | Reached skill level 4 in Spellcasting
  3559 | D:3      | Reached XP level 6. HP: 33/41 MP: 0/0
  4095 | D:1      | Bought a heavy robe for 148 gold pieces
  4095 | D:1      | Identified the +1 robe of Okawaru's Anger {rF+ Regen+
                  | Dex+4} (You bought it in a shop on level 1 of the Dungeon)
  4201 | D:4      | Reached skill level 5 in Spellcasting
  4278 | D:4      | Reached XP level 7. HP: 46/46 MP: 0/0
  4278 | D:4      | Learned a level 2 spell: Corpse Rot
  4317 | D:4      | Noticed Robin
  4325 | D:4      | Killed Robin
  4433 | D:4      | Reached skill level 1 in Fighting
  4545 | D:4      | Found a glowing drain.
  4553 | Sewer    | Entered a sewer
  4634 | Sewer    | Reached skill level 6 in Spellcasting
  4634 | Sewer    | Reached XP level 8. HP: 52/52 MP: 0/0
  4882 | D:4      | Found a burning altar of Makhleb.
  4997 | D:4      | Became a worshipper of Makhleb the Destroyer
  5047 | D:5      | Entered Level 5 of the Dungeon
  5082 | D:5      | Found Taoshul's Antique Armour Emporium.
  5101 | D:5      | Reached skill level 1 in Invocations
  5358 | D:5      | Reached skill level 7 in Spellcasting
  5485 | D:5      | Noticed a gargoyle
  5512 | D:5      | Killed a gargoyle
  5513 | D:5      | Reached XP level 9. HP: 40/57 MP: 0/0
  5513 | D:5      | Learned a level 4 spell: Leda's Liquefaction
  6108 | D:6      | Found a hazy altar of Hepliaklqana.
  6824 | D:6      | Reached skill level 8 in Spellcasting
  6839 | D:6      | Reached * piety under Makhleb
  6905 | D:6      | Found an opulent altar of Gozag.
  6913 | D:6      | Found a sacrificial altar of Ru.
  6917 | D:6      | Found a basalt altar of Yredelemnul.
  6928 | D:6      | Found an ornate altar of the Wu Jian Council.
  6936 | D:6      | Found a shadowy altar of Dithmenos.
  6949 | D:6      | Found a blossoming altar of Fedhas.
  7556 | D:7      | Found a staircase to the Ecumenical Temple.
  7897 | D:7      | Noticed a hornet
  7904 | D:7      | Killed a hornet
  7905 | D:7      | Reached XP level 10. HP: 61/64 MP: 0/0
  8123 | D:8      | Reached skill level 9 in Spellcasting
  8176 | D:8      | Found Vic Baj's Armour Emporium.
  8185 | D:8      | Bought a +0 helmet of intelligence for 161 gold pieces
  8227 | D:8      | Found Laurikha's Assorted Antiques.
  8279 | D:8      | Found a staircase to the Lair.
  8376 | D:8      | Found a hide-covered altar of Uskayaw.
  8410 | D:8      | Splashed by an acid dragon's acid

Illustrated notes

Levels and vault maps discovered:
D:1:      minmay_arrival_nine_rooms, layout_basic, serial_shops, shop,
          hellmonk_ecumenical_altar_zigzags
D:2:      layout_rooms, minmay_fractal_squares_gapless_5
D:3:      layout_basic, nicolae_qazlal_style_of_elements, serial_bayou_lake_a,
          uniq_sigmund
D:4:      layout_basic, kennysheep_mini, lightli_sewer_entry_pipes, uniq_robin
D:5:      layout_loops_corners, serial_shops, nicolae_shop_waterfront
D:6:      cheibrodos_thug_alley, layout_basic,
          nicolae_hepliaklqana_monster_ancestors, grunt_temple_overflow_octagram
D:7:      layout_basic, temple_pool_b
D:8:      layout_loops_ring, lemuel_doored_altar, okawaru_trees_2,
          erik_lair_orcish_takeover, serial_shops, nicolae_shop_crystal,
          shop_statue, nicolae_shop_statue_plus, nicolae_shop_crystal,
          kennysheep_generic_room_6

Skill      XL: |  1  2  3  4  5  6  7  8  9 10 |
---------------+-------------------------------+-----
Spellcasting   | 3 4 5 6 7 8 9 |  9.4
Stealth        | 2 3 |  3.8
Dodging        | 3 4 |  4.3
Fighting       | 1 2 |  2.1
Invocations    | 2 4 |  4.7
Short Blades   | |  0.4

Action                   |  1- 3 |  4- 6 |  7- 9 | 10-12 || total
-------------------------+-------+-------+-------+-------++-------
Melee: Short sword       |       |    14 |     1 |       ||    15
       Dagger            |       |       |       |     5 ||     5
 Cast: Foxfire           |    86 |    96 |   348 |    51 ||   581
       Sticky Flame      |       |     1 |    15 |     5 ||    21
       Leda's Liquefacti |       |       |     1 |       ||     1
  Use: Scroll            |       |     4 |       |     1 ||     5
       Potion            |       |       |       |     4 ||     4
 Stab: Sleeping          |       |     1 |       |       ||     1
Armor: Robe              |     4 |     1 |     8 |     8 ||    21
Dodge: Dodged            |    13 |    17 |    33 |    14 ||    77

Table legend: (Time is in decaauts)
 A = Elapsed time spent in this place.
 B = Non-inter-level travel time spent in this place.
 C = Inter-level travel time spent in this place.
 D = Time resting spent in this place.
 E = Time spent auto-exploring this place.
 F = Levels seen in this place.
 G = Mean time per level.
                   A        B        C        D        E       F      G
               +--------+--------+--------+--------+--------+-----+--------+
         Total |   8419 |   8003 |    416 |      0 |   6607 |   9 |  935.4 |
       Dungeon |   8127 |   7711 |    416 |      0 |   6464 |   8 | 1015.9 |
         Sewer |    291 |    291 |      0 |      0 |    143 |   1 |  291.0 |
               +--------+--------+--------+--------+--------+-----+--------+

Top non-repeatable levels by time:
     D:1: 1942 daAuts
     D:6: 1252 daAuts
     D:2: 1190 daAuts
     D:5: 1060 daAuts
     D:3: 1029 daAuts
     D:7: 804 daAuts
     D:4: 596 daAuts
   Sewer: 291 daAuts
     D:8: 253 daAuts
